 Dungeon Crawl Stone Soup version 0.24.0 (webtiles) character file.

Game seed: 13536348452418568567, levelgen mode: deterministic

675 Buxparty the Protected (level 7, 0/56 HPs)
             Began as a Gnoll Wanderer on May 15, 2020.
             Was an Initiate of Gozag.
             Slain by a wight
             ... wielding a +4 hand axe
              (3 damage)
             ... on level 9 of the Dungeon.
             The game lasted 00:12:13 (4255 turns).

Buxparty the Protected (Gnoll Wanderer)             Turns: 4255, Time: 00:12:14

Health: 0/56       AC:  9    Str: 17    XL:     7   Next: 59%
Magic:  10/10      EV: 10    Int: 16    God:    Gozag
Gold:   735        SH: 13    Dex: 17    Spells: 11/11 levels left

rFire    . . .     SeeInvis .   t - +4 falchion
rCold    . . .     Gourm    .   l - +2 large shield
rNeg     . . .     Faith    .   b - +2 scale mail
rPois    .         Spirit   .   (no helmet)
rElec    .         Reflect  .   o - scarf {cloud immunity}
rCorr    .         Harm     .   (no gloves)
MR       .....                  (no boots)
Stlth    ++........             (no amulet)
HPRegen  0.18/turn              (no ring)
MPRegen  0.12/turn              (no ring)

@: agile, heavily drained
A: distributed training, fangs 1, strong nose
a: Potion Petition, Call Merchant, Bribe Branch, Renounce Religion


You were on level 9 of the Dungeon.
You worshipped Gozag.
Gozag was pleased with you.
You were very hungry.

You visited 1 branch of the dungeon, and saw 7 of its levels.

You collected 745 gold pieces.
You paid 10 gold pieces to Gozag.

Inventory:

Hand Weapons
 a - a +0 falchion
 d - a +0 dagger
 t - a +4 falchion (weapon)
Missiles
 m - 7 atropa-tipped darts (quivered)
Armour
 b - a +2 scale mail (worn)
 l - a +2 large shield (worn)
 o - a scarf of cloud immunity (worn)
Wands
 e - a wand of iceblast (10)
 s - a wand of digging (5)
 u - a wand of flame (9)
 x - a wand of enslavement (6)
Scrolls
 k - 2 scrolls of remove curse
 n - 2 scrolls of fear {unknown}
 r - a scroll of enchant weapon {unknown}
 v - a scroll of magic mapping {unknown}
 w - a scroll of teleportation
Potions
 c - 2 potions of lignification
 g - a potion of resistance
 h - a potion of might {unknown}
 i - 2 potions of curing
 j - a potion of invisibility {unknown}
 p - a potion of agility
 q - a potion of haste {unknown}
Comestibles
 f - 8 rations


   Skills:
 + Level 5.2(3.0) Fighting
 + Level 2.5(0.4) Short Blades
 + Level 3.6(1.5) Long Blades
 + Level 2.5(0.4) Axes
 + Level 2.5(0.4) Maces & Flails
 + Level 2.5(0.4) Polearms
 + Level 2.5(0.4) Staves
 + Level 2.5(0.4) Slings
 + Level 2.5(0.4) Bows
 + Level 2.5(0.4) Crossbows
 + Level 2.5(0.4) Throwing
 + Level 8.9(6.4) Armour
 + Level 3.6(1.5) Dodging
 + Level 4.9(2.7) Stealth
 + Level 2.5(0.4) Shields
 + Level 2.5(0.4) Unarmed Combat
 + Level 2.5(0.4) Spellcasting
 + Level 2.0(0.0) Conjurations
 + Level 2.0(0.0) Hexes
 + Level 2.0(0.0) Charms
 + Level 2.0(0.0) Summonings
 + Level 2.0(0.0) Necromancy
 + Level 2.0(0.0) Translocations
 + Level 2.0(0.0) Transmutations
 + Level 2.0(0.0) Fire Magic
 + Level 2.0(0.0) Ice Magic
 + Level 2.0(0.0) Air Magic
 + Level 2.0(0.0) Earth Magic
 + Level 2.0(0.0) Poison Magic
 + Level 2.8(0.7) Invocations
 + Level 2.5(0.4) Evocations


You had 11 spell levels left.
You didn't know any spells.
Your spell library contained the following spells:

 Spells                   Type           Power        Failure   Level  Hunger
 Confusing Touch          Hex            #.....       100%        1    ##.....
 Confuse                  Hex            #.......     100%        3    ####...
 Gell's Gravitas          Tloc           #.........   100%        3    ####...
 Petrify                  Tmut/Erth      #.......     100%        4    #####..
 Metabolic Englaciation   Hex/Ice        #.........   100%        5    ######.
 Yara's Violent Unravell  Hex/Tmut       #.........   100%        5    ######.


Dungeon Overview and Level Annotations

Branches:
Dungeon (6/15)
 Temple: D:4-7

Altars:
Gozag
Ru


Innate Abilities, Weirdness & Mutations

Your experience applies equally to all skills.
You have very sharp teeth.
Your uncanny sense of smell can sniff out nearby items.


Message History

The wight hits you from afar with a +1 trident.
* * * LOW HITPOINT WARNING * * *
You feel drained. You block the wight's attack.
You slash the wight! Your bite misses the wight.
The wight is almost destroyed.
The wight barely misses you. The wight hits you with a +4 hand axe.
* * * LOW HITPOINT WARNING * * *
You feel drained.
You closely miss the wight.
The wight is almost destroyed.
The wight hits you but does no damage. The wight hits you with a +4 hand axe.
* * * LOW HITPOINT WARNING * * *
You feel drained.
The wight hits you from afar with a +1 trident.
* * * LOW HITPOINT WARNING * * *
It was a potion of agility.
You feel agile all of a sudden. The wight hits you with a +4 hand axe.
You die...
Your body crumbles into a pile of gold.

#..........#
+..........#
#...._.....#
###.....#####+#####
.......zz..z......#
.#........##......#
....>..#..##......#
.......#..##..###z#
.............zz$@.#
..####+############
..# ∆ ..# ..# ..#
... ∆ ... ...


You could see 3 wights.

Vanquished Creatures
  A bullfrog (D:5)
  A scorpion (D:2)
  A wight (D:9)
  2 crimson imps (D:5)
  A hound (D:5)
  2 orc wizards
  3 worker ants
  A hound skeleton (D:4)
  A howler monkey skeleton (D:5)
  A river rat (D:4)
  12 adders
  2 oozes
  2 dart slugs (D:2)
  3 leopard geckos
  17 orcs
  3 ball pythons
  3 giant cockroaches
  12 goblins
  15 hobgoblins
  9 jackals
  13 kobolds
  4 quokkas
  5 bats
  3 frilled lizards
  A leopard gecko skeleton (D:4)
  14 rats
132 creatures vanquished.

Notes
Turn   | Place    | Note
-------+----------+-------------------------------------------
     0 | D:1      | Buxparty the Gnoll Wanderer began the quest for the Orb.
     0 | D:1      | Buxparty set off with the following items: a +0 falchion, a
                  | +2 scale mail, a potion of lignification, a +0 dagger, a
                  | ration
     0 | D:1      | Reached XP level 1. HP: 20/20 MP: 1/1
   169 | D:1      | Reached XP level 2. HP: 26/26 MP: 2/2
   405 | D:1      | Reached XP level 3. HP: 31/31 MP: 3/3
   545 | D:1      | Reached skill level 1 in Invocations
   772 | D:2      | Noticed a scorpion
   780 | D:2      | Reached skill level 1 in Short Blades
   780 | D:2      | Reached skill level 1 in Axes
   780 | D:2      | Reached skill level 1 in Maces & Flails
   780 | D:2      | Reached skill level 1 in Polearms
   780 | D:2      | Reached skill level 1 in Staves
   780 | D:2      | Reached skill level 1 in Slings
   780 | D:2      | Reached skill level 1 in Bows
   780 | D:2      | Reached skill level 1 in Crossbows
   780 | D:2      | Reached skill level 1 in Throwing
   780 | D:2      | Reached skill level 1 in Shields
   780 | D:2      | Reached skill level 1 in Unarmed Combat
   780 | D:2      | Reached skill level 1 in Spellcasting
   780 | D:2      | Reached skill level 1 in Evocations
   806 | D:2      | Reached XP level 4. HP: 34/38 MP: 5/5
   894 | D:2      | Reached skill level 1 in Conjurations
   894 | D:2      | Reached skill level 1 in Hexes
   894 | D:2      | Reached skill level 1 in Charms
   894 | D:2      | Reached skill level 1 in Summonings
   894 | D:2      | Reached skill level 1 in Necromancy
   894 | D:2      | Reached skill level 1 in Translocations
   894 | D:2      | Reached skill level 1 in Transmutations
   894 | D:2      | Reached skill level 1 in Fire Magic
   894 | D:2      | Reached skill level 1 in Ice Magic
   894 | D:2      | Reached skill level 1 in Air Magic
   894 | D:2      | Reached skill level 1 in Earth Magic
   894 | D:2      | Reached skill level 1 in Poison Magic
   978 | D:2      | Reached XP level 5. HP: 19/43 MP: 5/7
  1228 | D:2      | Found an opulent altar of Gozag.
  1237 | D:2      | Became a worshipper of Gozag Ym Sagoz the Greedy
  2331 | D:4      | Reached XP level 6. HP: 39/50 MP: 8/8
  2942 | D:4      | Reached skill level 5 in Fighting
  3344 | D:4      | Noticed a wyvern
  3395 | D:5      | Entered Level 5 of the Dungeon
  3449 | D:5      | Reached XP level 7. HP: 28/56 MP: 10/10
  4195 | D:6      | You fall into a shaft and drop 3 floors!
  4200 | D:9      | Found a sacrificial altar of Ru.
  4255 | D:9      | Slain by a wight

Levels and vault maps discovered:
D:1:      shiori_arrival_oz, layout_basic
D:2:      layout_rooms, serial_rivers, chequers_serial_rivers_room_a,
          chequers_serial_rivers_large_a, chequers_serial_rivers_micro_c,
          chequers_serial_rivers_small_a, grunt_gozag_statues
D:3:      layout_loops_ring
D:4:      cheibrodos_greedy_goblins, layout_gridville, first_ration,
          portal_sewer_entry_e
D:5:      layout_rooms
D:6:      layout_gridville, minmay_temple_entry_offerings, ashenzari_altar_1
D:9:      layout_stronghold, basic_altar
